 Dungeon Crawl Stone Soup version 0.18-a0-1692-g516f9e9 (webtiles) character file.

212 4thArraOfDagon the Chopper (level 5, 0/47 HPs)
             Began as a Hill Orc Berserker on Apr 5, 2016.
             Was a Follower of Trog.
             Slain by a quasit (1 damage)
             ... summoned by Eustachio
             ... on level 4 of the Dungeon.
             The game lasted 00:01:48 (524 turns).

4thArraOfDagon the Chopper (Hill Orc Berserker)      Turns: 524, Time: 00:01:48

Health: 0/47       AC:  7    Str: 21    XL:     5   Next: 89%
Magic:  5/5        EV: 10    Int: 12    God:    Trog [*.....]
Gold:   37         SH:  0    Dex: 10    Spells: 0 memorised, 4 levels left

rFire  . . .     SeeInvis .     a - +0 hand axe
rCold  . . .     Gourm    .     h - +0 scale mail
rNeg   + . .     Faith    .     (no shield)
rPois  .         Spirit   .     (no helmet)
rElec  .         Dismiss  .     (no cloak)
rCorr  .         Reflect  .     (no gloves)
SustAt .         Harm     .     (no boots)
MR     .....                    e - amulet of rage
Stlth  ..........               (no ring)
                                n - ring of positive energy

@: brilliant, exhausted, slowed, very slow, not resistant to hostile
enchantments, extremely unstealthy
A: no striking features
a: Berserk, Burn Spellbooks, Renounce Religion, Evoke Berserk Rage


You were on level 4 of the Dungeon.
You worshipped Trog.
Trog was aware of your devotion.
You were hungry.

You visited 1 branch of the dungeon, and saw 4 of its levels.

You collected 37 gold pieces.

Inventory:

Hand Weapons
 a - a +0 hand axe (weapon)
Armour
 h - a +0 scale mail (worn)
Jewellery
 e - an amulet of rage (around neck)
 n - a ring of positive energy (left hand)
Scrolls
 d - a scroll of identify {unknown}
 f - a scroll of remove curse {unknown}
 j - a scroll of fear {unknown}
 m - a scroll of immolation {unknown}
Potions
 g - a potion of brilliance
 k - a potion of curing {unknown}
 l - a potion of heal wounds {unknown}
Comestibles
 b - a beef jerky
 c - a bread ration


   Skills:
 + Level 4.9 Fighting
 * Level 6.6 Axes
 + Level 3.7 Armour
 - Level 1.5 Dodging


You had 4 spell levels left.
You didn't know any spells.

Dungeon Overview and Level Annotations

Branches:
Dungeon (4/15)
 Temple: D:4-7

Altars:
Nemelex Xobeh

Annotations:
D:4 Eustachio


Message History

* * * LOW HITPOINT WARNING * * *
Unknown command.
The quokka closely misses you. The river rat bites you.
* * * LOW HITPOINT WARNING * * *
Eustachio gestures wildly while chanting.
The river rat bites you but does no damage.
The quokka bites you.
* * * LOW HITPOINT WARNING * * *
The river rat closely misses you.
Eustachio growls, "To hell with you, honourless miscreant!"
Unknown command.
Unknown command.
Unknown command.
Unknown command.
Drink which item? (? for menu, Esc to quit)
It was a potion of brilliance.
You feel clever all of a sudden.
The river rat disappears in a puff of smoke!
The quasit misses you. The quasit claws you.
You die...

.. #. ### .. ..# #.
#.# #. #.# #+## #. #.#
##...## #.##.#
##.....## # #r.#.#
##.......## ..
##ยง@r.###.........#
#.##..b5)..'.[.......+
#........###.........#
####..@### ##.......#
#.r.# ##.....## #...#
##....... ###.#
#.##### #.# .# #e#
#######.#


You could see Eustachio, a quasit, 2 river rats, a quokka and a bat.

Vanquished Creatures
  Duvessa (D:4)
  Dowan (D:4)
  Ijyb (D:3)
  An adder (D:3)
  A giant gecko (D:3)
  3 orcs (D:4)
  2 goblins (D:2)
  3 hobgoblins
  2 kobolds
  3 quokkas
  2 rats
20 creatures vanquished.

Notes
Turn   | Place    | Note
--------------------------------------------------------------
     0 | D:1      | 4thArraOfDagon the Hill Orc Berserker began the quest for the Orb.
     0 | D:1      | Reached XP level 1. HP: 19/19 MP: 1/1
   180 | D:3      | Reached XP level 2. HP: 19/27 MP: 2/2
   205 | D:3      | Noticed Ijyb
   220 | D:3      | Killed Ijyb
   220 | D:3      | Reached skill level 5 in Axes
   220 | D:3      | Reached XP level 3. HP: 22/33 MP: 3/3
   367 | D:4      | Noticed Eustachio
   373 | D:4      | Reached XP level 4. HP: 40/40 MP: 4/4
   421 | D:3      | Found a sparkling altar of Nemelex Xobeh.
   473 | D:4      | Noticed Dowan
   474 | D:4      | Noticed Duvessa
   500 | D:4      | Killed Duvessa
   500 | D:4      | Reached skill level 6 in Axes
   500 | D:4      | Reached XP level 5. HP: 39/47 MP: 5/5
   503 | D:4      | Killed Dowan
   523 | D:4      | HP: 1/47 [quokka[Eustachio] (3)]
   524 | D:4      | Slain by a quasit

Vault maps used:
D:1:      tarquinn_simple_flora_water_a
D:3:      lemuel_crystal_altar, serial_bayou_pond_d, minmay_misc_feat_room,
          uniq_jessica, uniq_iyjb
D:4:      serial_shops, nicolae_shop_crystal, uniq_menkaure, uniq_duvessa,
          uniq_eustachio, uniq_edmund

Skill      XL: |  1  2  3  4 |
---------------+-------------+-----
Fighting       | 4 |  4.9
Axes           | 5 6 |  6.6
Armour         | 3 |  3.7
Dodging        | |  1.5

Action                   |  1- 3 |  4- 6 || total
-------------------------+-------+-------++-------
Melee: Hand axe          |    60 |    35 ||    95
Invok: Berserk           |     3 |     1 ||     4
  Use: Potion            |       |     1 ||     1
  Eat: Chunk             |       |     2 ||     2
